 Dungeon Crawl Stone Soup version 0.28.0-43-g3370ac3207 (webtiles) character file.

Game seed: 18371731639739008808

5957 sankara the Cleaver (level 10, 0/81 HPs)
             Began as a Minotaur Fighter on Mar 20, 2022.
             Was a Priest of Makhleb.
             Killed from afar by an acid dragon (17 damage)
             ... with a splash of acid
             ... on level 9 of the Dungeon.
             The game lasted 00:20:09 (10481 turns).

sankara the Cleaver (Minotaur Fighter)             Turns: 10481, Time: 00:20:11

Health: 0/81       AC: 15    Str: 20    XL:     10   Next: 54%
Magic:  12/12      EV: 13    Int:  7    God:    Makhleb [***...]
Gold:   249        SH:  6    Dex: 17    Spells: 9/9 levels left

rFire   . . .      SeeInvis .   a - +0 war axe
rCold   + . .      Faith    .   c - +0 buckler
rNeg    . . .      Spirit   .   w - +8 ring mail "Esucytad" {+Blink rC+ Dex+4}
rPois   .          Reflect  .   (helmet restricted)
rElec   .          Harm     .   (no cloak)
rCorr   .          Rampage  .   (no gloves)
Will    .....                   (no boots)
Stlth   +.........              C - amulet of regeneration
HPRegen 1.03/turn               (no ring)
MPRegen 0.13/turn               (no ring)

@: no status effects
A: horns 2, retaliatory headbutt
a: Renounce Religion, Evoke Blink, Minor Destruction, Lesser Servant of Makhleb


You were on level 9 of the Dungeon.
You worshipped Makhleb.
Makhleb was most pleased with you.
You visited 2 branches of the dungeon, and saw 10 of its levels.

You collected 483 gold pieces.
You spent 234 gold pieces at shops.

Inventory:

Hand Weapons
 a - a +0 war axe (weapon)
 b - a +5 vorpal hunting sling
Missiles
 g - 168 stones (quivered)
 p - 4 boomerangs
 z - 8 poisoned darts
 A - 4 throwing nets
 B - 84 sling bullets
Armour
 c - a +0 buckler (worn)
 v - a +0 chain mail
 w - the +8 ring mail "Esucytad" (worn) {+Blink rC+ Dex+4}
   (You bought it in a shop on level 3 of the Dungeon)

   Dex:       It affects your dexterity (+4).
   rC:        It protects you from cold.
   +Blink:    It lets you blink.
Jewellery
 e - an amulet of reflection
 l - an amulet of the acrobat
 C - an amulet of regeneration (around neck)
Wands
 o - a wand of iceblast (13)
 y - a wand of digging (3)
Scrolls
 j - 5 scrolls of identify {unknown}
 k - 2 scrolls of vulnerability {unknown}
 m - 5 scrolls of teleportation {unknown}
 q - 3 scrolls of enchant weapon {unknown}
 s - 2 scrolls of enchant armour {unknown}
 t - 2 scrolls of magic mapping {unknown}
 F - a scroll of blinking {unknown}
 H - a scroll of brand weapon {unknown}
Potions
 d - a potion of might
 f - a potion of degeneration {unknown}
 h - 2 potions of brilliance {unknown}
 i - a potion of resistance
 n - a potion of berserk rage {unknown}
 r - a potion of haste {unknown}
 u - 3 potions of ambrosia
 x - 2 potions of curing {unknown}
 D - a potion of cancellation {unknown}
 E - a potion of flight {unknown}
 G - a potion of magic {unknown}


   Skills:
 - Level 5.0 Fighting
 * Level 13.8 Axes
 - Level 9.0 Armour
 - Level 4.6 Dodging
 - Level 5.0 Shields
 - Level 5.0 Invocations
 - Level 3.0 Evocations


You had 9 spell levels left.
You didn't know any spells.
Your spell library contained the following spells:

 Spells                   Type           Power      Damage    Failure   Level
 Magic Dart               Conj           0%         1d3       67%         1
 Call Imp                 Summ           0%         N/A       80%         2
 Corpse Rot               Necr/Air       0%         N/A       80%         2
 Poisonous Vapours        Pois/Air       0%         N/A       80%         2
 Frozen Ramparts          Ice            0%         1d2       95%         3
 Gell's Gravitas          Tloc           0%         N/A       95%         3
 Mephitic Cloud           Conj/Pois/Air  0%         N/A       95%         3
 Teleport Other           Tloc           0%         N/A       95%         3
 Tukima's Dance           Hex            0%         N/A       95%         3
 Anguish                  Hex/Necr       0%         N/A       100%        4
 Ice Form                 Ice/Tmut       0%         N/A       100%        4
 Summon Ice Beast         Ice/Summ       0%         N/A       100%        4
 Dispersal                Tloc           0%         N/A       100%        6
 Enfeeble                 Hex            0%         N/A       100%        7


Dungeon Overview and Level Annotations

Branches:
Dungeon (9/15)             Temple (1/1) D:4
   Lair: D:8-11         Orc: D:9-12

Altars:
Ashenzari
Cheibriados
Dithmenos
Elyvilon
Fedhas
Gozag
Hepliaklqana
Kikubaaqudgha
Makhleb
Nemelex Xobeh
Okawaru
Qazlal
Ru
Sif Muna
Trog
Uskayaw
Vehumet
Wu Jian
Xom
Yredelemnul
Zin
The Shining One

Shops:
D:2 (   D:3 [

Annotations:
D:6 1 runed translucent door, diceflayer's ghost, novice MiFi


Innate Abilities, Weirdness & Mutations

You have a pair of horns on your head.
You reflexively headbutt those who attack you in melee.


Message History

You hit the centaur. You headbutt the centaur.
The centaur is moderately wounded.
You feel sick. The centaur misses you. The centaur barely misses you.
The centaur hits you but does no damage.
The centaur kicks you but does no damage.
You slash the centaur! You headbutt the centaur.
The centaur is heavily wounded.
You feel yourself speed up.
You feel sick. You block the centaur's attack.
The centaur closely misses you. x2
You furiously retaliate!
You headbutt the centaur. The centaur barely misses you.
You feel sick.
The centaur wields a +0 shortbow.
The centaur shoots an arrow.
The arrow hits you.
You feel sick.
You are no longer poisoned.
The centaur unwields a +0 shortbow.
The centaur closely misses you. The centaur misses you.
The orc warrior hits you from afar with a +0 glaive!
* * * LOW HITPOINT WARNING * * *
You hit the centaur.
The centaur is almost dead.
The centaur hits you.
* * * LOW HITPOINT WARNING * * *
The centaur kicks you but does no damage.
The orc warrior barely misses you.
The centaur hits you but does no damage.
The centaur kicks you but does no damage.
You barely miss the centaur.
The centaur is almost dead.
The orc warrior hits you from afar with a +0 glaive!
* * * LOW HITPOINT WARNING * * *
The centaur hits you but does no damage.
The centaur barely misses you.
You hit the centaur.
You kill the centaur!
Makhleb accepts your kill.
You feel better. The acid dragon spits acid at you.
The splash of acid hits you!
You die...

..... #.#####... ....>
#.# #... $.... ##.#
#... ...# ##..# ####
#####..## ####..##
........#####....##
........!oD##)########
........##)#.........#
........##@#.........#
.....o.$##.#.........#
...c....##.#...(.....#
..Do....##.#.........+
.:.o(..$##.#.........#
........##.'.........#
........####.........#
#.........#
###########


You could see an orc warrior and an acid dragon (catching breath).

Vanquished Creatures
  Harold (D:7)
  Pikel (D:8)
  Joseph (D:7)
  3 hornets
  Sigmund (D:5)
  An acid dragon (D:9)
  An orc warrior (D:6)
  A water moccasin (D:7)
  A hornet zombie (D:6)
  5 ice beasts
  2 black bears
  2 necrophages
  An ogre (D:6)
  5 centaurs
  2 kobold brigands
  2 phantoms
  A gnoll sergeant (D:7)
  2 scorpions
  A wyvern skeleton (D:7)
  A water moccasin skeleton (D:6)
  7 killer bees
  10 wights (D:8)
  2 howler monkeys
  4 centaur zombies
  A bullfrog zombie (D:6)
  3 hounds (D:5)
  A jelly (D:6)
  A centaur skeleton (D:6)
  An iguana (D:5)
  An orc wizard (D:3)
  A hound skeleton (D:4)
  22 gnolls
  8 adders
  2 shadow imps
  2 white imps
  2 ufetubi
  2 worms (D:2)
  2 dart slugs
  25 orcs
  8 endoplasms
  A giant cockroach (D:4)
  8 goblins
  5 hobgoblins
  17 jackals
  11 kobolds
  4 quokkas
  5 ball pythons
  4 bats
  A frilled lizard (D:2)
  3 rats
199 creatures vanquished.

Vanquished Creatures (others)
  A plant (D:5)
1 creature vanquished.

Grand Total: 200 creatures vanquished

Notes
Turn   | Place    | Note
-------+----------+-------------------------------------------
     0 | D:1      | sankara the Minotaur Fighter began the quest for the Orb.
     0 | D:1      | Reached XP level 1. HP: 19/19 MP: 0/0
   168 | D:1      | Reached XP level 2. HP: 24/27 MP: 1/1
   257 | D:1      | Reached skill level 3 in Axes
  1195 | D:2      | Reached XP level 3. HP: 28/33 MP: 2/2
  1701 | D:2      | Found Cueploul's Weapon Emporium.
  1885 | D:2      | Found a faded altar of an unknown god.
  2527 | D:2      | Reached XP level 4. HP: 29/40 MP: 3/3
  2610 | D:3      | Reached skill level 4 in Axes
  2715 | D:3      | Found Musk's Antique Armour Shop.
  3064 | D:3      | Reached XP level 5. HP: 47/47 MP: 4/4
  3588 | D:4      | Noticed a phantom
  3598 | D:4      | Killed a phantom
  3879 | D:4      | Reached skill level 5 in Axes
  3975 | D:4      | Found a staircase to the Ecumenical Temple.
  4078 | Temple   | Entered the Ecumenical Temple
  4328 | Temple   | Became a worshipper of Makhleb the Destroyer
  4649 | D:5      | Entered Level 5 of the Dungeon
  4730 | D:5      | Reached XP level 6. HP: 55/55 MP: 5/5
  4852 | D:3      | Bought an emerald-encrusted ring mail for 234 gold pieces
  4852 | D:3      | Identified the +8 ring mail "Esucytad" {+Blink rC+ Dex+4}
                  | (You bought it in a shop on level 3 of the Dungeon)
  4897 | D:5      | Reached skill level 5 in Armour
  4897 | D:5      | Reached skill level 5 in Shields
  5015 | D:5      | Reached skill level 5 in Fighting
  5015 | D:5      | Reached skill level 1 in Dodging
  5015 | D:5      | Reached skill level 1 in Evocations
  5042 | D:5      | Reached skill level 6 in Axes
  5042 | D:5      | Reached XP level 7. HP: 49/61 MP: 6/6
  5369 | D:5      | Identified the +3 dagger "Wam Geulaox" {protect, rPois
                  | Str+2}
  5440 | D:5      | Reached * piety under Makhleb
  6149 | D:5      | Noticed Sigmund
  6163 | D:5      | Killed Sigmund
  6164 | D:5      | Reached skill level 7 in Axes
  6393 | D:5      | Reached XP level 8. HP: 64/68 MP: 7/7
  6499 | D:5      | Reached ** piety under Makhleb
  6750 | D:6      | Reached skill level 8 in Axes
  7087 | D:6      | Found a runed translucent door.
  7088 | D:6      | Noticed diceflayer's ghost (novice MiFi)
  7116 | D:6      | Found a sacrificial altar of Ru.
  7125 | D:6      | Reached skill level 9 in Axes
  7357 | D:6      | You fall into a shaft and drop 2 floors!
  7375 | D:8      | Noticed a hornet
  7443 | D:7      | Reached skill level 1 in Invocations
  7443 | D:7      | Reached XP level 9. HP: 74/74 MP: 8/8
  8027 | D:7      | Reached skill level 10 in Axes
  8031 | D:7      | Noticed Joseph
  8043 | D:7      | Killed Joseph
  8260 | D:7      | Noticed Harold
  8338 | D:7      | Killed Harold
  8339 | D:7      | Reached skill level 11 in Axes
  9482 | D:8      | Reached XP level 10. HP: 73/81 MP: 12/12
  9663 | D:8      | Noticed Pikel
  9680 | D:8      | Killed Pikel
  9680 | D:8      | Reached *** piety under Makhleb
  9681 | D:8      | Reached skill level 12 in Axes
  9693 | D:8      | Reached skill level 5 in Invocations
 10057 | D:8      | Reached skill level 13 in Axes
 10466 | D:9      | Paralysed by a hornet for 3 turns
 10481 | D:9      | Killed from afar by an acid dragon

Illustrated notes

Levels and vault maps discovered:
D:1:      eino_arrival_tree_alley, layout_loops_corners, serial_aquarium,
          aquarium_bridge_long_separate [aquarium_subvault_bridge,
          aquarium_subvault_bridge, aquarium_subvault_wall,
          aquarium_subvault_wall, aquarium_subvault_bridge,
          aquarium_subvault_window], aquarium_bridge_straight
          [aquarium_subvault_bridge, aquarium_subvault_wall,
          aquarium_subvault_bridge, aquarium_subvault_balcony],
          aquarium_window_fake, aquarium_window_2, aquarium_window_1,
          aquarium_view_2a, corner_web_ring
D:2:      layout_basic, hellmonk_ecumenical_altar_leap_of_faith, serial_shops,
          nicolae_shop_trees
D:3:      layout_loops_ring, serial_shops, shop, minmay_misc_feat_five,
          grunt_ministairs_1, chequers_serial_rivers_small_a
D:4:      layout_loops_ring, minmay_temple_entry_hall
D:5:      lemuel_castle_with_subvaults [lemuel_castle_interior_carwin_2],
          layout_rooms, uniq_sigmund
D:6:      layout_basic, lemuel_crystal_altar, gammafunk_ghost_grave
D:7:      layout_gridville, minmay_misc_feat_diagonals, uniq_joseph, uniq_harold
D:8:      layout_loops_ring, uniq_pikel
D:9:      layout_roguey
Temple:   mainiacjoe_temple_hex_bubbles

Skill      XL: |  1  2  3  4  5  6  7  8  9 10 |
---------------+-------------------------------+-----
Axes           | 3 4 5 6 7 9 11 13 | 13.8
Shields        | 4 5 |  5.0
Fighting       | 4 5 |  5.0
Armour         | 4 5 6 7 9 |  9.0
Dodging        | 1 2 4 |  4.6
Evocations     | 1 2 3 |  3.0
Invocations    | 1 4 5 |  5.0

Action                   |  1- 3 |  4- 6 |  7- 9 | 10-12 || total
-------------------------+-------+-------+-------+-------++-------
Melee: War axe           |    87 |   114 |   331 |   125 ||   657
       Headbutt          |    12 |    13 |    62 |    38 ||   125
Throw: Stone             |     1 |       |       |       ||     1
Invok: Minor Destruction |       |       |     1 |     2 ||     3
 Abil: Evoke Blink       |       |       |     1 |       ||     1
Armor: Scale mail        |    45 |    22 |       |       ||    67
       Chain mail        |       |    17 |       |       ||    17
       Ring mail         |       |    28 |   120 |    38 ||   186
Dodge: Dodged            |    36 |    40 |   176 |    74 ||   326
Block: Buckler           |    14 |    72 |   205 |    53 ||   344
       Reflection        |       |     2 |     9 |     1 ||    12
